 Dungeon Crawl Stone Soup version 0.29-a0-22-gbf593b16ee (webtiles) character file.

Game seed: 15649425809903334816

2193 enile the Covert (level 9, -10/64 HPs)
             Began as an Octopode Brigand on Jan 29, 2022.
             Was a Believer of Dithmenos.
             Killed from afar by a steam dragon (16 damage)
             ... with a ball of steam
             ... on level 6 of the Dungeon.
             The game lasted 00:16:13 (8737 turns).

enile the Covert (Octopode Brigand)                 Turns: 8737, Time: 00:16:14

Health: -10/64     AC:  1    Str: 12    XL:     9   Next: 33%
Magic:  7/11       EV: 14    Int: 21    God:    Dithmenos [**....]
Gold:   293        SH:  0    Dex: 14    Spells: 4/10 levels left

rFire   . . .      SeeInvis .   w - +2 dagger (venom)
rCold   . . .      Faith    .   (no shield)
rNeg    . . .      Spirit   .   (helmet restricted)
rPois   .          Reflect  .   (no amulet)
rElec   .          Harm     .   D - +6 ring of intelligence
rCorr   .          Rampage  .   (no ring)
Will    .....                   (no ring)
Stlth   ++++++....              (no ring)
HPRegen 0.20/turn               (no ring)
MPRegen 0.12/turn               (no ring)
                                (no ring)
                                (no ring)

@: wreathed by umbra
A: almost no armour, amphibious, 8 rings, camouflage 1, gelatinous body 1,
(nimble swimmer 1), tentacles
a: Renounce Religion, Shadow Step


You were on level 6 of the Dungeon.
You worshipped Dithmenos.
Dithmenos was pleased with you.
You visited 1 branch of the dungeon, and saw 6 of its levels.
You also visited: Sewer.

You collected 293 gold pieces.

Inventory:

Hand Weapons
 a - a +2 dagger
 m - a +0 mace of protection
 p - a +0 short sword
 r - a +0 short sword of draining
 s - a +4 dagger of flaming
 v - a +1 short sword of draining
 w - a +2 dagger of venom (weapon)
Missiles
 b - 30 poisoned darts
 c - a curare-tipped dart (quivered)
 e - 2 javelins
 j - 4 atropa-tipped darts
Jewellery
 D - a +6 ring of intelligence (left tentacle)
 F - a ring of wizardry
Wands
 t - a wand of iceblast (19)
 C - a wand of digging (6)
 I - a wand of polymorph (14)
Scrolls
 d - 3 scrolls of vulnerability
 f - 4 scrolls of noise
 i - 3 scrolls of teleportation
 l - 3 scrolls of immolation {unknown}
 y - a scroll of holy word
 z - 2 scrolls of fog {unknown}
 A - a scroll of magic mapping
 J - 2 scrolls of blinking {unknown}
Potions
 g - 4 potions of might {unknown}
 h - a potion of heal wounds {unknown}
 k - a potion of magic
 n - 3 potions of lignification {unknown}
 o - 2 potions of attraction {unknown}
 q - a potion of invisibility {unknown}
 u - a potion of mutation {unknown}
 x - 5 potions of curing {unknown}
 B - 2 potions of ambrosia {unknown}
 E - 2 potions of haste {unknown}
 G - 2 potions of brilliance {unknown}
 H - a potion of cancellation {unknown}


   Skills:
 - Level 7.0 Fighting
 - Level 4.0 Short Blades
 - Level 3.0 Throwing
 - Level 4.0 Dodging
 - Level 9.0 Stealth
 - Level 1.0 Spellcasting
 - Level 3.0 Summonings
 - Level 4.0 Ice Magic
 - Level 3.0 Invocations
 + Level 1.2 Evocations


You had 4 spell levels left.
You knew the following spells:

 Your Spells              Type           Power      Damage    Failure   Level
a - Call Canine Familiar  Summ           13%        N/A       14%         3
b - Ozocubu's Armour      Ice            17%        N/A       10%         3

Your spell library contained the following spells:

 Spells                   Type           Power      Damage    Failure   Level
 Summon Small Mammal      Summ           52%        N/A       4%          1
 Apportation              Tloc           2%         N/A       16%         1
 Summon Guardian Golem    Hex/Summ       7%         N/A       26%         3
 Alistair's Intoxication  Tmut/Pois      0%         N/A       99%         5
 Ozocubu's Refrigeration  Ice            8%         4d6       100%        7


Dungeon Overview and Level Annotations

Branches:
Dungeon (6/15)             Temple (0/1) D:5           Sewer (visited)

Altars:
Dithmenos
Xom


Innate Abilities, Weirdness & Mutations

You cannot wear most types of armour.
You are amphibious.
You can wear up to eight rings at the same time.
Your skin changes colour to match your surroundings (Stealth+).
Your rubbery body absorbs attacks. (AC +1, EV +1)
((You are camouflaged when in or above water. (Stealth+)))
You have tentacles for arms and can constrict up to eight enemies at once.


Message History

Confirm with . or Enter, or press ? or * to list all spells.
A film of ice covers your body! The steam dragon breathes steam at you.
The ball of steam hits you!!
Your hound barely misses the steam dragon.
The heat melts your icy armour.
You are engulfed in a cloud of scalding steam.
Your hound barely misses the steam dragon.
The steam dragon breathes steam at you. The ball of steam misses you.
Your hound bites the steam dragon.
The heat melts your icy armour.
Your icy armour will break if you move.
Continue?
Your icy armour cracks and falls away as you move.
The steam dragon barely misses you. x2
Your hound bites the steam dragon but does no damage.
You hit the steam dragon but do no damage.
The steam dragon is poisoned.
The steam dragon is lightly wounded.
Your hound closely misses the steam dragon.
The steam dragon bites you. The steam dragon claws you.
Your hound completely misses the steam dragon.
Your hound bites the steam dragon but does no damage.
Your hound bites the steam dragon.
The steam dragon closely misses you. x2
Your hound bites the steam dragon but does no damage.
The steam dragon breathes steam at you. The ball of steam hits you!
* * * LOW HITPOINT WARNING * * *
Your hound barely misses the steam dragon. x2
The steam dragon closely misses your hound. x2
Your hound bites the steam dragon. x2
The steam dragon breathes steam at you. The ball of steam hits your hound!!
Your hound dies!
Your hound's corpse disappears in a puff of smoke!
The ball of steam hits you!
* * * LOW HITPOINT WARNING * * *
There is a stone staircase leading up here.
The steam dragon breathes steam at you. The ball of steam hits you!
You die...

###.##.#.......#####....########
........................##
....##.##.....#####......#
....##.#[......####......# #
.....#.#.......##...#)..## ##
..................###..## ##.
................####....# #.)
....##...#...#..##...##..## #..
##.###.#...§###§@....#.....# #..
#.# #..#...D§§...........>####..
##.# ##....§......####...........
#..####...........####.....####..
#....................#.....####..
.................#...#...........
.................#...#.....####..
................)..........# #..
................##...##..#.#####.


There were no monsters in sight!

Vanquished Creatures
  Pikel (D:3)
  Edmund (D:4)
  A water moccasin (D:5)
  A nameless horror (D:5)
  A sky beast (D:5)
  2 ogres
  2 centaurs
  2 lemures (D:3)
  A phantom (D:5)
  4 kobold brigands (Sewer)
  3 scorpions
  A centaur zombie (D:6)
  2 jellies (D:6)
  5 hounds
  Natasha (thrice) (D:2)
  A hound skeleton (D:4)
  3 gnolls (D:5)
  8 adders
  A shadow imp (D:6)
  A white imp (D:6)
  An ufetubus (D:3)
  An adder zombie (D:5)
  An adder skeleton (D:4)
  4 worms
  A dart slug (D:3)
  10 orcs
  3 bats
  10 endoplasms
  4 giant cockroaches
  3 goblins
  2 hobgoblins
  4 jackals
  3 quokkas
  7 ball pythons
  3 frilled lizards
  13 kobolds
  7 rats
121 creatures vanquished.

Vanquished Creatures (collateral kills)
  A gnoll (D:5)
1 creature vanquished.

Vanquished Creatures (others)
  5 plants (D:6)
5 creatures vanquished.

Grand Total: 127 creatures vanquished

Notes
Turn   | Place    | Note
-------+----------+-------------------------------------------
     0 | D:1      | enile the Octopode Brigand began the quest for the Orb.
     0 | D:1      | Reached XP level 1. HP: 14/14 MP: 1/1
   246 | D:1      | Reached XP level 2. HP: 19/19 MP: 2/2
  1292 | D:2      | Noticed Natasha
  1299 | D:2      | Killed Natasha
  1300 | D:2      | Reached XP level 3. HP: 26/26 MP: 3/3
  1376 | D:2      | Noticed a scorpion
  1380 | D:2      | Killed a scorpion
  1381 | D:2      | Reached skill level 6 in Stealth
  1381 | D:2      | Reached skill level 7 in Stealth
  1381 | D:2      | Reached XP level 4. HP: 31/31 MP: 4/4
  1393 | D:2      | Noticed Natasha
  1398 | D:2      | Killed Natasha
  1399 | D:2      | Reached XP level 5. HP: 37/37 MP: 5/5
  1596 | D:2      | Found a shimmering altar of Xom.
  1838 | D:2      | Noticed Natasha
  1845 | D:2      | Killed Natasha
  2033 | D:2      | You fall into a shaft and drop 1 floor!
  2118 | D:3      | Found a glowing drain.
  2122 | Sewer    | Entered a sewer
  2483 | Sewer    | Noticed a kobold brigand
  2582 | Sewer    | Killed a kobold brigand
  2583 | Sewer    | Reached skill level 5 in Fighting
  2583 | Sewer    | Reached XP level 6. HP: 27/45 MP: 6/6
  3035 | Sewer    | Reached XP level 7. HP: 36/50 MP: 7/7
  3274 | Sewer    | Reached skill level 8 in Stealth
  3346 | D:3      | Found a faded altar of an unknown god.
  3364 | D:3      | Prayed at the altar of an unknown god.
  3364 | D:3      | Became a worshipper of Dithmenos the Shadowed
  3364 | D:3      | Reached * piety under Dithmenos
  3562 | D:3      | Found a shimmering altar of Xom.
  4107 | D:4      | Noticed Pikel
  4571 | D:3      | Killed Pikel
  4572 | D:3      | Reached XP level 8. HP: 30/57 MP: 7/10
  4977 | D:4      | Noticed Edmund
  4986 | D:4      | Killed Edmund
  5154 | D:4      | Learned a level 3 spell: Call Canine Familiar
  5664 | D:5      | Entered Level 5 of the Dungeon
  5782 | D:5      | Noticed a nameless horror
  5804 | D:5      | Killed a nameless horror
  6028 | D:5      | Reached skill level 9 in Stealth
  6028 | D:5      | Reached skill level 1 in Summonings
  6088 | D:5      | Learned a level 3 spell: Ozocubu's Armour
  6134 | D:5      | Reached skill level 1 in Ice Magic
  6362 | D:5      | Reached skill level 1 in Spellcasting
  6676 | D:5      | Found a staircase to the Ecumenical Temple.
  6680 | D:5      | Reached XP level 9. HP: 61/64 MP: 4/11
  7143 | D:6      | Reached ** piety under Dithmenos
  8605 | D:6      | Reached skill level 1 in Evocations
  8737 | D:6      | Killed from afar by a steam dragon

Illustrated notes

Levels and vault maps discovered:
D:1:      giann_wishing_wells, layout_basic, serial_curves, eino_curves_02,
          eino_curves_02, eino_curves_03
D:2:      layout_basic, basic_altar, uniq_natasha
D:3:      layout_basic, xom_teletrap_fun, chequers_ecumenical_altar_island,
          gup_sewer_entry_bowl
D:4:      layout_gridville, uniq_pikel, uniq_edmund
D:5:      layout_gridville, minmay_temple_entry_mist
D:6:      layout_rooms, serial_bayou_pond_c

Skill      XL: |  1  2  3  4  5  6  7  8  9 |
---------------+----------------------------+-----
Fighting       | 3 5 6 7 |  7.0
Stealth        | 7 8 9 |  9.0
Short Blades   | 3 4 |  4.0
Dodging        | 3 4 |  4.0
Throwing       | 3 |  3.0
Invocations    | 2 3 |  3.0
Summonings     | 2 3 |  3.0
Ice Magic      | 2 4 |  4.0
Spellcasting   | 1 |  1.0
Evocations     | 1 |  1.2

Action                   |  1- 3 |  4- 6 |  7- 9 || total
-------------------------+-------+-------+-------++-------
Melee: Dagger            |    36 |    73 |   166 ||   275
       Tentacles         |     4 |    19 |    48 ||    71
       Constrict         |     3 |    12 |    25 ||    40
       Punch             |       |     3 |     5 ||     8
       Short sword       |       |     1 |       ||     1
Throw: Dart              |     2 |       |    24 ||    26
       Javelin           |       |       |     1 ||     1
 Cast: Ozocubu's Armour  |       |       |     6 ||     6
       Call Canine Famil |       |       |     4 ||     4
  Use: Scroll            |       |       |     8 ||     8
 Stab: Sleeping          |     9 |    16 |    22 ||    47
       Distracted        |       |       |     2 ||     2
Armor: Skin              |     1 |     2 |    15 ||    18
Dodge: Dodged            |    13 |    21 |   112 ||   146

Table legend: (Time is in decaauts)
 A = Elapsed time spent in this place.
 B = Non-inter-level travel time spent in this place.
 C = Inter-level travel time spent in this place.
 D = Time resting spent in this place.
 E = Time spent auto-exploring this place.
 F = Levels seen in this place.
 G = Mean time per level.
                   A        B        C        D        E       F      G
               +--------+--------+--------+--------+--------+-----+--------+
         Total |   8692 |   8510 |    182 |   1166 |   5971 |   7 | 1241.7 |
       Dungeon |   7486 |   7304 |    182 |   1087 |   5088 |   6 | 1247.7 |
         Sewer |   1205 |   1205 |      0 |     79 |    883 |   1 | 1205.0 |
               +--------+--------+--------+--------+--------+-----+--------+

Top non-repeatable levels by time:
     D:5: 2375 daAuts
     D:3: 1386 daAuts
     D:1: 1246 daAuts
   Sewer: 1205 daAuts
     D:4: 1023 daAuts
     D:2: 779 daAuts
     D:6: 676 daAuts
